 Dungeon Crawl Stone Soup version 0.15-b1-129-g6fffc38 (webtiles) character file.

7 JacquesDerrida the Charmwright (level 2, 13/19 HPs)
             Began as a Halfling Skald on Aug 27, 2014.
             Quit the game on Level 1 of the Dungeon.
             The game lasted 00:00:58 (194 turns).

JacquesDerrida the Charmwright (Halfling Skald)      Turns: 194, Time: 00:00:58

HP  13/19        AC  3     Str 12      XL: 2   Next:  5%
MP   3/3         EV 12     Int 11      God:
Gold 59          SH  0     Dex 13      Spells:  1 memorised,  3 levels left

rFire  . . .     SeeInvis .     a - +0 falchion
rCold  . . .     Clarity  .     b - +0 leather armour
rNeg   . . .     rCorr    .     (no shield)
rPois  .         rRot     .     (no helmet)
rElec  .         Spirit   .     (no cloak)
SustAb .         Warding  .     (no gloves)
rMut   .         Stasis   .     (no boots)
Gourm  .                        (no amulet)
MR     .....                    (no ring)
                                (no ring)

@: not resistant to hostile enchantments, very unstealthy
A: mutation resistance 1
a: no special abilities


You were on level 1 of the Dungeon.
You were not hungry.

You visited 1 branch of the dungeon, and saw 1 of its levels.

You collected 59 gold pieces.

Inventory:

Hand weapons
 a - a +0 falchion (weapon)
Armour
 b - a +0 leather armour (worn)
Comestibles
 d - a bread ration
Scrolls
 g - a scroll of remove curse {unknown}
Potions
 e - a potion of resistance {unknown}
 f - a potion of confusion {unknown}
Books
 c - a book of Battle

   Spells                             Type                      Level
   *Infusion                          Charms                       1
   Shroud of Golubria                 Charms/Translocation         2
   Song of Slaying                    Charms                       2
   Spectral Weapon                    Hexes/Charms                 3
   Regeneration                       Charms/Necromancy            3


   Skills:
 - Level 1.7 Fighting
 * Level 2.2 Long Blades
 - Level 1.1 Armour
 + Level 1.9 Dodging
 - Level 1.5 Spellcasting
 - Level 3.2 Charms


You had 3 spell levels left.
You knew the following spells:

 Your Spells              Type           Power        Failure   Level  Hunger
a - Infusion              Chrm           #.....       10%         1    ##.....


Dungeon Overview and Level Annotations

Branches:
Dungeon (1/15)

Altars:


Innate Abilities, Weirdness & Mutations

You are small and have problems with some larger weapons.
You are somewhat resistant to further mutation.


Message History

The bat hits you but does no damage. The bat closely misses you.
The bat hits you but does no damage.
You closely miss the bat.
The bat is severely wounded.
The bat closely misses you. The bat hits you.
You miss the bat.
The bat is severely wounded.
The bat misses you.
A giant cockroach comes into view.
The bat hits you but does no damage. The bat hits you but does no damage.
You hit the bat.
You kill the bat!
The giant cockroach closely misses you.
You barely miss the giant cockroach. The giant cockroach closely misses you.
The giant cockroach bites you.
You hit the giant cockroach.
You kill the giant cockroach!
You have reached level 2!
Are you sure you want to abandon this character and quit the game? (Confirm with "yes".)

. #.## #.#. #.. # ...
###.##### ..##....#
.......%.# #.##.#.##
.........######.##.......
........@....[....>......
........%######.##.#.###.
........# #.##.#.#...
........# #.##.#.#.#
........# #.##.#.#.##
######## #..........
##.....#.#. ##...##...
...............


There were no monsters in sight!

Vanquished Creatures
  2 bats (D:1)
  2 giant cockroaches (D:1)
  A giant newt (D:1)
  2 rats (D:1)
7 creatures vanquished.

Vanquished Creatures (others)
  A kraken (D:1)
  A minotaur (D:1)
  3 octopodes (D:1)
  3 trolls (D:1)
  An elf (D:1)
  A human (D:1)
  A mummy (D:1)
  14 tentacles (D:1)
  45 tentacle segments (D:1)
70 creatures vanquished.

Grand Total: 77 creatures vanquished

Notes
Turn   | Place    | Note
--------------------------------------------------------------
     0 | D:1      | JacquesDerrida, the Halfling Skald, began the quest for the Orb.
     0 | D:1      | Reached XP level 1. HP: 14/14 MP: 2/2
     2 | D:1      | Noticed an octopode
     2 | D:1      | Noticed a human
     2 | D:1      | Noticed an octopode
     2 | D:1      | Noticed an octopode
     2 | D:1      | Noticed an ogre
     2 | D:1      | Noticed a spriggan
     2 | D:1      | Noticed a troll
     2 | D:1      | Noticed an elf
     2 | D:1      | Noticed a kraken
     2 | D:1      | Noticed a minotaur
     2 | D:1      | Noticed a minotaur
     2 | D:1      | Noticed a naga
     2 | D:1      | Noticed a troll
     2 | D:1      | Noticed a troll
     2 | D:1      | Noticed a minotaur
     3 | D:1      | Killed a human
     4 | D:1      | Killed an octopode
     5 | D:1      | Killed an octopode
     6 | D:1      | Killed an elf
     9 | D:1      | Killed a troll
    10 | D:1      | Killed an octopode
    10 | D:1      | Killed a troll
    16 | D:1      | Killed a troll
    32 | D:1      | Killed a minotaur
    32 | D:1      | Killed a kraken
   193 | D:1      | Reached XP level 2. HP: 13/19 MP: 3/3
   194 | D:1      | Quit the game

Action                   || total
-------------------------++-------
Melee: Falchion          ||    29
